 Dungeon Crawl Stone Soup version 0.24.0-123-gd5b16e6ec5 (webtiles) character file.

Game seed: 8084116410533786338, levelgen mode: deterministic

647 Johnny the Digger (level 7, -1/50 HPs)
             Began as a Demigod Earth Elementalist on Feb 3, 2020.
             Slain by a centaur (8 damage)
             ... on level 6 of the Dungeon.
             The game lasted 00:03:34 (3072 turns).

Johnny the Digger (Demigod Earth Elementalist)      Turns: 3072, Time: 00:03:35

Health: -1/50      AC:  3    Str: 14 (16) XL:     7   Next: 6%
Magic:  16/16      EV: 12    Int: 20 (23) God:
Gold:   231        SH:  5    Dex: 19 (22) Spells: 13/14 levels left

rFire    + . .     SeeInvis .   c - +1 short sword (drain)
rCold    + . .     Gourm    .   e - +0 buckler
rNeg     + . .     Faith    .   o - +0 robe {rC+ rF+}
rPois    .         Spirit   .   (no helmet)
rElec    .         Reflect  .   n - +0 cloak
rCorr    .         Harm     .   (no gloves)
MR       .....                  (no boots)
Stlth    ++........             (no amulet)
HPRegen  0.16/turn              f - ring of positive energy
MPRegen  0.15/turn              l - +6 ring of dexterity

@: mighty
A: high mp 1
a: no special abilities


You were on level 6 of the Dungeon.
You were not hungry.

You visited 1 branch of the dungeon, and saw 5 of its levels.

You collected 231 gold pieces.

Inventory:

Hand Weapons
 c - a +1 short sword of draining (weapon)
Missiles
 b - 94 stones (quivered)
Armour
 e - a +0 buckler (worn)
 n - a +0 cloak (worn)
 o - a +0 robe of resistance (worn)
Jewellery
 f - a ring of positive energy (left hand)
 l - a +6 ring of dexterity (right hand)
Wands
 h - a wand of enslavement (5)
 r - a wand of polymorph (7)
Scrolls
 a - 2 scrolls of teleportation
 k - 3 scrolls of blinking {unknown}
 p - a scroll of identify {unknown}
 s - a scroll of noise {unknown}
 t - a scroll of immolation {unknown}
Potions
 g - 2 potions of ambrosia {unknown}
 i - a potion of resistance {unknown}
 m - a potion of agility
 q - a potion of might
Comestibles
 d - 7 rations


   Skills:
 - Level 1.7 Dodging
 - Level 1.7 Stealth
 + Level 3.7 Shields
 + Level 4.2 Spellcasting
   Level 0.8 Transmutations
 + Level 5.0 Earth Magic


You had 13 spell levels left.
You knew the following spells:

 Your Spells              Type           Power        Failure   Level  Hunger
a - Sandblast             Erth           ###...       1%          1    None

Your spell library contained the following spells:

 Spells                   Type           Power        Failure   Level  Hunger
 Passwall                 Tmut/Erth      ###.....     5%          2    #......
 Flame Tongue             Conj/Fire      #....        13%         1    None
 Stone Arrow              Conj/Erth      ##....       14%         3    ###....
 Throw Flame              Conj/Fire      #.....       19%         2    #......
 Conjure Flame            Conj/Fire      #.......     36%         3    ###....
 Inner Flame              Hex/Fire       #.......     36%         3    ###....
 Petrify                  Tmut/Erth      ###.....     36%         4    ####...
 Lee's Rapid Deconstruct  Erth           ###.......   41%         5    ######.
 Sticky Flame             Conj/Fire      #.......     77%         4    ####...
 Fireball                 Conj/Fire      #.........   98%         5    ######.


Dungeon Overview and Level Annotations

Branches:
Dungeon (4/15)
 Temple: D:4-7


Innate Abilities, Weirdness & Mutations

You have an increased reservoir of magic. (+10% MP)


Message History

You see here an arrow.
You are too injured to fight recklessly!
You are too injured to fight recklessly!
The centaur shoots an arrow.
The arrow hits you.
* * * LOW HITPOINT WARNING * * *
You see here an arrow.
The centaur unwields a +0 shortbow.
The centaur hits you!
* * * LOW HITPOINT WARNING * * *
Unknown command.
Unknown command.
Unknown command.
It was a potion of might.
You feel very mighty all of a sudden. The centaur barely misses you.
Unknown command.
It was a potion of degeneration.
There was something very wrong with that liquid.
You feel weakened.
You feel dopey.
You feel clumsy. The centaur hits you!
You die...

#...........
#........[..
#..W........
#...........
#...........
#...........
#...(.......
+..(........
#...@.......
#.!..c......
..........?....
###.###........
#. ######### #


You could see a phantom and a centaur.

Vanquished Creatures
  Sigmund (D:2)
  2 ogres (D:4)
  Crazy Yiuf (D:3)
  An orc wizard (D:3)
  Jessica (D:2)
  Ijyb (D:3)
  Natasha (D:4)
  4 gnolls (D:4)
  5 adders
  A shadow imp (D:3)
  An ooze (D:1)
  5 worms
  2 leopard geckos (D:3)
  9 orcs
  4 bats
  6 giant cockroaches
  2 hobgoblins
  4 jackals (D:4)
  A quokka (D:3)
  A ball python (D:2)
  6 frilled lizards
  12 goblins
  7 kobolds
  7 rats
85 creatures vanquished.

Notes
Turn   | Place    | Note
-------+----------+-------------------------------------------
     0 | D:1      | Johnny the Demigod Earth Elementalist began the quest for
                  | the Orb.
     0 | D:1      | Reached XP level 1. HP: 14/14 MP: 5/5
   223 | D:1      | Reached skill level 3 in Earth Magic
   223 | D:1      | Reached XP level 2. HP: 5/20 MP: 2/7
  1203 | D:2      | Noticed Jessica
  1210 | D:2      | Killed Jessica
  1210 | D:2      | Reached skill level 1 in Shields
  1210 | D:2      | Reached XP level 3. HP: 21/26 MP: 5/9
  1490 | D:2      | Noticed Sigmund
  1501 | D:2      | Killed Sigmund
  1501 | D:2      | Reached skill level 4 in Earth Magic
  1501 | D:2      | Reached XP level 4. HP: 17/33 MP: 2/11
  1501 | D:2      | Reached XP level 5. HP: 20/38 MP: 2/12
  1908 | D:3      | Noticed Ijyb
  1916 | D:3      | Killed Ijyb
  1941 | D:3      | Reached XP level 6. HP: 22/45 MP: 6/14
  2099 | D:3      | Found a runed translucent door.
  2100 | D:3      | Noticed Crazy Yiuf
  2467 | D:3      | Killed Crazy Yiuf
  2835 | D:4      | Reached XP level 7. HP: 46/50 MP: 11/16
  2994 | D:4      | Noticed Natasha
  3007 | D:4      | Killed Natasha
  3007 | D:4      | Reached skill level 5 in Earth Magic
  3067 | D:4      | You fall into a shaft and drop 2 floors!
  3072 | D:6      | Slain by a centaur

Levels and vault maps discovered:
D:1:      minmay_arrival_jagged, layout_loops_ring, minmay_split_cup_small
D:2:      layout_loops_ring, uniq_jessica, uniq_sigmund
D:3:      layout_basic, uniq_ijyb, uniq_crazy_yiuf_cottage
D:4:      layout_basic, portal_sewer_entry_e, kennysheep_generic_room_16,
          uniq_natasha
D:6:      layout_basic, kennysheep_cross_room, okawaru_trees_2

Skill      XL: |  1  2  3  4  5  6  7 |
---------------+----------------------+-----
Spellcasting   | 2 3 4 |  4.2
Earth Magic    | 3 4 5 |  5.0
Shields        | 1 2 3 |  3.7
Dodging        | |  1.7
Stealth        | |  1.7
Transmutations | |  0.8

Action                   |  1- 3 |  4- 6 |  7- 9 || total
-------------------------+-------+-------+-------++-------
Melee: Unarmed           |    23 |       |       ||    23
       Dagger            |    32 |    43 |       ||    75
       Whip              |     3 |       |       ||     3
       Short sword       |       |    52 |    26 ||    78
 Cast: Sandblast         |    39 |    38 |     2 ||    79
  Use: Scroll            |       |     2 |       ||     2
       Potion            |       |       |     2 ||     2
 Stab: Sleeping          |     6 |    10 |     1 ||    17
  Eat: Chunk             |     2 |     4 |     1 ||     7
Armor: Robe              |    14 |    14 |     1 ||    29
Dodge: Dodged            |    47 |    62 |    11 ||   120
Block: Buckler           |     7 |    24 |     4 ||    35
